 Dungeon Crawl Stone Soup version 0.31.0-32-g396128a36d (webtiles) character file.

Game seed: 7390007135011705690

256 H0rd4k the Insei (level 6, 0/40 HPs)
             Began as an Octopode Artificer on Apr 24, 2024.
             Slain by an orc wizard
             ... wielding a +0 dagger
              (2 damage)
             ... on level 4 of the Dungeon.
             The game lasted 00:01:34 (1180 turns).

H0rd4k the Insei (Octopode Artificer)               Turns: 1180, Time: 00:01:36

Health: 0/40       AC:  1    Str: 11    XL:     6   Next: 16%
Magic:  6/6        EV: 13    Int: 15    God:
Gold:   64         SH:  0    Dex: 13    Spells: 5/5 levels left

rFire   . .          .
                       - Unarmed
rCold   . . .        (no shield)
rNeg    . . .        (helmet restricted)
rPois   .            (no amulet)
rElec   .            (no ring)
rCorr   .            (no ring)
SInv    .            (no ring)
Will    .....        (no ring)
Stlth   +++          (no ring)
HPRegen 0.26/turn    (no ring)
MPRegen 0.10/turn    (no ring)
                     (no ring)

%: no passive effects
@: attractive
A: almost no armour, amphibious, 8 rings, camouflage 1, gelatinous body 1,
(nimble swimmer 1), tentacles
a: no special abilities


You were on level 4 of the Dungeon.
You visited 1 branch of the dungeon, and saw 3 of its levels.

You collected 64 gold pieces.

Inventory:

Missiles
 e - a throwing net
Jewellery
 g - an amulet of the acrobat
Talismans
 p - a serpent talisman
Wands
 b - a wand of flame (9) (quivered)
 c - a wand of charming (15)
Scrolls
 d - a scroll of immolation {unknown}
 h - a scroll of enchant weapon {unknown}
 j - a scroll of identify {unknown}
 k - a scroll of fear {unknown}
 l - a scroll of noise {unknown}
 o - a scroll of blinking {unknown}
Potions
 a - a potion of might {unknown}
 f - a potion of attraction
 i - 2 potions of degeneration {unknown}
 m - 2 potions of cancellation {unknown}
 n - a potion of curing {unknown}


   Skills:
 + Level 2.3 Fighting
 - Level 2.3 Dodging
 - Level 1.3 Stealth
 + Level 5.3 Unarmed Combat
 - Level 3.2 Evocations


You had 5 spell levels left.
You didn't know any spells.
Your spell library contained the following spells:

 Spells                   Type           Power      Damage    Failure   Level
 Magic Dart               Conj           0%         1d3       26%         1
 Searing Ray              Conj           0%         2d4       38%         2
 Fulminant Prism          Conj/Alch      0%         3d5       95%         4


Dungeon Overview and Level Annotations

Branches:
Dungeon (2/15)

Altars:
Cheibriados
Dithmenos
Makhleb
Okawaru
Ru
Sif Muna
Xom
Zin


Innate Abilities, Weirdness & Mutations

You cannot wear most types of armour.
You are amphibious.
You can wear up to eight rings at the same time.
Your skin changes colour to match your surroundings (Stealth+).
Your rubbery body absorbs attacks. (AC +1, EV +1)
((You are camouflaged when in or above water. (Stealth+)))
You have tentacles for arms and can constrict up to eight enemies at once.


Message History

The adder hisses angrily.
The ball python hisses angrily.
The orc shouts!
You tentacle-slap the orc. You grab the orc.
The orc is heavily wounded.
You constrict the orc.
The orc priest looks braver for a moment.
The orc closely misses you.
You completely miss the orc.
The orc is severely wounded.
You constrict the orc.
You kill the orc!
The orc wizard points at you and mumbles some strange words.
You are confused.
You are too confused!
Unknown command.
You are too confused!
Unknown command.
Found a dagger.
The orc wizard closely misses you. The orc misses you.
The orc priest closely misses you. The adder bites you.
The adder attacks as it pursues you! The adder bites you.
The orc wizard attacks as it pursues you!
The orc wizard barely misses you.
The orc hits you from afar with a +0 trident.
The orc priest hits you from afar with a +0 trident.
You're too confused to move!
The orc misses you.
The orc priest hits you from afar with a +0 trident!
* * * LOW HITPOINT WARNING * * *
The orc wizard hits you with a +0 dagger.
* * * LOW HITPOINT WARNING * * *
Unknown command.
You are too confused!
You aren't wearing anything.
Unknown command.
It was a potion of attraction.
You feel attractive to monsters.
You feel less confused. The adder closely misses you. The orc misses you.
The orc priest closely misses you. The ball python bites you.
* * * LOW HITPOINT WARNING * * *
The ball python closely misses you.
The orc wizard hits you with a +0 dagger.
You die...

####.....#..#........####
...........##............
...........##............
)..........#########.....
........._...# #.....
......._..._.## #####.
.......o......# #.
......oSo8.._.##########.
.......S@................
......._..._.###########.
........._...# #.......#.
....##'#...#.# #.# #...#.
.......#.###.###.###.....
###.##.#.###......##..###
# ###..............#
#############.## #.....


You could see an orc priest, an orc wizard, an adder, an orc and a ball python.

Vanquished Creatures
  An orc warrior (D:4)
  A hound (D:4)
  A jelly (D:4)
  An iguana (D:4)
  3 gnolls (D:4)
  An adder (D:2)
  2 dart slugs
  5 orcs (D:4)
  3 ball pythons
  2 endoplasms
  A giant cockroach (D:4)
  2 goblins
  2 hobgoblins (D:4)
  6 quokkas
  A bat (D:1)
  A frilled lizard (D:2)
  3 kobolds
  2 rats (D:1)
38 creatures vanquished.

Notes
Turn   | Place    | Note
-------+----------+-------------------------------------------
     0 | D:1      | H0rd4k the Octopode Artificer began the quest for the Orb.
     0 | D:1      | Reached XP level 1. HP: 13/13 MP: 1/1
   102 | D:1      | Reached skill level 1 in Unarmed Combat
   139 | D:1      | Reached XP level 2. HP: 14/18 MP: 2/2
   461 | D:2      | Reached skill level 2 in Unarmed Combat
   461 | D:2      | Reached XP level 3. HP: 10/23 MP: 3/3
   603 | D:2      | You fall into a shaft and drop 2 floors!
   639 | D:4      | Reached skill level 3 in Unarmed Combat
   639 | D:4      | Reached XP level 4. HP: 28/28 MP: 4/4
   708 | D:4      | Reached skill level 4 in Unarmed Combat
   712 | D:4      | Reached XP level 5. HP: 27/34 MP: 5/5
   828 | D:4      | Noticed an orc warrior
   836 | D:4      | Killed an orc warrior
   837 | D:4      | Reached skill level 5 in Unarmed Combat
   837 | D:4      | Reached XP level 6. HP: 17/39 MP: 6/6
  1166 | D:4      | Found a burning altar of Makhleb.
  1166 | D:4      | Found a shimmering altar of Xom.
  1169 | D:4      | Found an iron altar of Okawaru.
  1169 | D:4      | Found a sacrificial altar of Ru.
  1170 | D:4      | Found a snail-covered altar of Cheibriados.
  1170 | D:4      | Found a shadowy altar of Dithmenos.
  1170 | D:4      | Found a shimmering blue altar of Sif Muna.
  1170 | D:4      | Found a glowing silver altar of Zin.
  1180 | D:4      | HP: 2/40 [ball python (3)]
  1180 | D:4      | Slain by an orc wizard

Illustrated notes

Levels and vault maps discovered:
D:1:      roderic_crop_circles_arrival_small, layout_rooms
D:2:      layout_rooms
D:4:      layout_basic, grunt_temple_overflow_open

Skill      XL: |  1  2  3  4  5 |
---------------+----------------+-----
Unarmed Combat | 1 2 3 4 5 |  5.3
Fighting       | 2 |  2.3
Dodging        | |  2.3
Stealth        | |  1.3
Evocations     | |  3.2

Action                     |  1- 3 |  4- 6 || total
---------------------------+-------+-------++-------
  Melee: Unarmed           |    42 |    32 ||    74
         Constrict         |    16 |     8 ||    24
         Tentacles         |    10 |     7 ||    17
         Punch             |       |     1 ||     1
  Evoke: Wand              |     3 |     8 ||    11
    Use: Potion            |       |     1 ||     1
   Stab: Sleeping          |     1 |     4 ||     5
 Armour: Skin              |    13 |    19 ||    32
  Dodge: Dodged            |    28 |    24 ||    52
